 Dungeon Crawl Stone Soup version 0.27.0-1-g7a089689b8 (webtiles) character file.

Game seed: 7203127848599626754

347 Spectrina the Covert (level 6, 0/36 HPs)
             Began as a Vampire Delver on Aug 18, 2021.
             Slain by Edmund (9 damage)
             ... on level 6 of the Dungeon.
             The game lasted 00:02:29 (118 turns).

Spectrina the Covert (Vampire Delver)                Turns: 118, Time: 00:02:30

Health: 0/36       AC:  3    Str: 11    XL:     6   Next: 32%
Magic:  6/6        EV: 12    Int: 12    God:
Gold:   0          SH:  0    Dex: 18    Spells: 5/5 levels left

rFire    . . .     SeeInvis +   a - +0 short sword
rCold    + + .     Faith    .   (no shield)
rNeg     + + +     Spirit   .   b - +0 leather armour
rPois    ∞         Reflect  .   (no helmet)
rElec    .         Harm     .   (no cloak)
rCorr    .         Rampage  .   (no gloves)
Will     +....                  (no boots)
Stlth    ++++++....             (no amulet)
HPRegen  0.00/turn              i - ring of willpower
MPRegen  0.10/turn              (no ring)

@: bloodless, inhibited regen
A: bloodless, fangs 3, see invisible, vampiric 2
a: Bat Form, Revivify


You were on level 6 of the Dungeon.
You visited 1 branch of the dungeon, and saw 2 of its levels.

Inventory:

Hand Weapons
 a - a +0 short sword (weapon)
Armour
 b - a +0 leather armour (worn)
Jewellery
 i - a ring of willpower (left hand)
Wands
 g - a wand of digging (3)
 k - a wand of charming (9)
Scrolls
 c - a scroll of fog
 d - a scroll of magic mapping
 e - a scroll of fear
 j - a scroll of blinking {unknown}
Potions
 f - a potion of haste
 h - a potion of curing {unknown}


   Skills:
 - Level 2.6 Fighting
 + Level 5.4 Short Blades
 - Level 2.1 Dodging
 + Level 10.1 Stealth


You had 5 spell levels left.
You didn't know any spells.
Your spell library was empty.

Dungeon Overview and Level Annotations

Branches:
Dungeon (6/15)
 Temple: D:4-7

Altars:

Annotations:
D:6 Edmund


Innate Abilities, Weirdness & Mutations

You do not regenerate when monsters are visible.
You are frail without blood (-20% HP).
You can heal yourself when you bite living creatures.
You are immune to poison.
You have razor-sharp teeth.
You have supernaturally acute eyesight. (SInv)
You are afflicted with vampirism and can become a bat while bloodless.


Message History

Adjust which ability? h - Revivify Adjust to which letter? p - Revivify Adjust (i)tems, (s)pells, or (a)bilities?
Adjust which ability? g - Bat Form Adjust to which letter? q - Bat Form
There is a stone staircase leading down here.
You climb downwards.
Edmund the Younger comes into view.
He is wielding a +2 flail of holy wrath.
Found a scroll of fog and 2 scrolls labelled JACKOP QES.
Found a stone staircase leading up.
There is a stone staircase leading up here.
Unknown command.
The helpless Edmund fails to defend himself.
You bite Edmund, and draw his blood! You perforate Edmund like a sieve!!!
Edmund is almost dead.
Okay, then.
Okay, then.
Okay, then.
Okay, then.
You closely miss Edmund.
Edmund is almost dead.
Edmund hits you with a +2 flail of holy wrath.
You convulse.
You closely miss Edmund. Your bite misses Edmund.
Edmund is almost dead.
Edmund barely misses you.
You hit Edmund.
Edmund is almost dead.
Edmund hits you with a +2 flail of holy wrath.
You convulse.
You hit Edmund. You bite Edmund, but do no damage.
Edmund is almost dead.
Edmund hits you with a +2 flail of holy wrath!
* * * LOW HITPOINT WARNING * * *
You convulse!
You die...

## .# #.#
## ..#
...#####..#
....<.....#
.?........#
#....@@.#
####.....#
####.## ##


You could see Edmund.

Vanquished Creatures
  Prince Ribbit (D:5)
  A black bear (D:5)
  A bullfrog skeleton (D:5)
  An iguana (D:5)
  An adder (D:5)
5 creatures vanquished.

Notes
Turn   | Place    | Note
-------+----------+-------------------------------------------
     0 | D:5      | Spectrina the Vampire Delver began the quest for the Orb.
     0 | D:5      | Reached XP level 1. HP: 17/17 MP: 1/1
    11 | D:5      | Noticed a water moccasin zombie
    47 | D:5      | Noticed an iguana
    50 | D:5      | Reached XP level 2. HP: 18/18 MP: 2/2
    60 | D:5      | Reached skill level 8 in Stealth
    60 | D:5      | Gained mutation: You are afflicted with vampirism and can
                  | become a bat while bloodless. [Vampire growth]
    60 | D:5      | Reached XP level 3. HP: 22/22 MP: 3/3
    87 | D:5      | Noticed a black bear
    88 | D:5      | Noticed Prince Ribbit
    91 | D:5      | Killed a black bear
    92 | D:5      | Reached skill level 9 in Stealth
    92 | D:5      | Reached XP level 4. HP: 27/27 MP: 4/4
    93 | D:5      | Killed Prince Ribbit
    94 | D:5      | Reached skill level 5 in Short Blades
    94 | D:5      | Reached skill level 10 in Stealth
    94 | D:5      | Reached XP level 5. HP: 31/31 MP: 5/5
    94 | D:5      | Reached XP level 6. HP: 36/36 MP: 6/6
   113 | D:6      | Noticed Edmund
   118 | D:6      | Slain by Edmund

Illustrated notes

Levels and vault maps discovered:
D:5:      cheibrodos_thug_alley, layout_rooms, amcnicky_altar_gilded,
          kennysheep_opposing_triangles, uniq_prince_ribbit1, uniq_ijyb,
          uniq_blork_the_orc
D:6:      layout_cave_pods, mainiacjoe_overflow_concentric_impassable,
          led_sif_book, minmay_alternating_orb, uniq_sigmund, uniq_pikel,
          uniq_edmund, uniq_duvessa

Skill      XL: |  1  2  3  4 |
---------------+-------------+-----
Short Blades   | 3 4 5 |  5.4
Stealth        | 8 9 10 | 10.1
Fighting       | |  2.6
Dodging        | |  2.1

Action                   |  1- 3 |  4- 6 || total
-------------------------+-------+-------++-------
Melee: Short sword       |     3 |     7 ||    10
       Bite              |       |     1 ||     1
 Abil: Exsanguinate      |     1 |       ||     1
 Stab: Sleeping          |     3 |     3 ||     6
Dodge: Dodged            |       |     1 ||     1
